 Dungeon Crawl Stone Soup version 0.30-a0-782-ge64f9170bb (webtiles) character file.

Game seed: 11440206663098770858

117 theswoord the Slasher (level 4, 0/35 HPs)
             Began as a Demonspawn Fighter on Mar 15, 2023.
             Succumbed to an orc's poison
             ... on level 3 of the Dungeon.
             The game lasted 00:03:34 (1712 turns).

theswoord the Slasher (Demonspawn Fighter)          Turns: 1712, Time: 00:03:35

Health: 0/35       AC:  6    Str: 19    XL:     4   Next: 71%
Magic:  4/4        EV:  9    Int:  9    God:
Gold:   202        SH:  0    Dex: 12    Spells: 3/3 levels left

rFire   . . .      SeeInvis .    a - +1 long sword
rCold   . . .      Faith    .    (no shield)
rNeg    . . .      Spirit   .    b - +0 scale mail
rPois   .          Reflect  .    (helmet restricted)
rElec   .          Harm     .    (no cloak)
rCorr   .          Rampage  .    (no gloves)
Will    .....                    (no boots) Stlth
                                 (no amulet)
HPRegen 0.25/turn                (no ring)
MPRegen 0.09/turn                (no ring)

@: brilliant, lethally poisoned (0 -> -4), attractive
A: antennae 1, ignite blood 1
a: no special abilities


You were on level 3 of the Dungeon.
You visited 1 branch of the dungeon, and saw 3 of its levels.

You collected 202 gold pieces.

Inventory:

Hand Weapons
 a - a +1 long sword (weapon)
Armour
 b - a +0 scale mail (worn)
 c - a +0 buckler
Potions
 d - 2 potions of might
 h - a potion of brilliance
 i - a potion of flight {unknown}
 j - a potion of invisibility {unknown}
 k - a potion of resistance {unknown}


   Skills:
 - Level 3.0 Fighting
 + Level 4.5 Long Blades
 - Level 2.6 Armour
 - Level 2.6 Shields


You had 3 spell levels left.
You didn't know any spells.
Your spell library contained the following spells:

 Spells                   Type           Power      Damage    Failure   Level
 Magic Dart               Conj           0%         1d3       77%         1
 Searing Ray              Conj           0%         2d4       88%         2
 Fulminant Prism          Conj/Hex       0%         3d5       100%        4


Dungeon Overview and Level Annotations

Branches:
Dungeon (3/15)

Altars:


Innate Abilities, Weirdness & Mutations

You have a pair of small antennae on your head.
Your demonic aura sometimes causes spilled blood to erupt in flames.


Message History

The orc closely misses you. The hobgoblin completely misses you.
You closely miss the orc.
* * * LOW HITPOINT WARNING * * *
You feel very sick.
The hobgoblin hits you but does no damage.
The orc hits you but does no damage.
You are more poisoned.
You hit the orc.
You kill the orc!
* * * LOW HITPOINT WARNING * * *
You feel very sick. The hobgoblin hits you.
* * * LOW HITPOINT WARNING * * *
You feel much better.
* * * LOW HITPOINT WARNING * * *
You feel very sick. The hobgoblin hits you.
* * * LOW HITPOINT WARNING * * *
You hit the hobgoblin.
You hear the brisk rusting of a very distant drain.
* * * LOW HITPOINT WARNING * * *
You feel very sick. The hobgoblin completely misses you.
You completely miss the hobgoblin.
* * * LOW HITPOINT WARNING * * *
You feel very sick.
The hobgoblin hits you but does no damage.
You barely miss the hobgoblin.
* * * LOW HITPOINT WARNING * * *
You feel sick. The hobgoblin barely misses you.
Okay, then.
Okay, then.
It was a potion of attraction.
You feel attractive to monsters.
* * * LOW HITPOINT WARNING * * *
You feel sick.
The hobgoblin hits you but does no damage.
It was a potion of brilliance.
You feel clever all of a sudden.
You die...

....... ...##
............
.......#...#
.......#...#
.......#...# ##.
#.....#...# #...
.#....)#g..##..#
.......@...#..#
.............#
...........###
..........## ...
..........# ....
#######..##
....#########
#.##
............# #.#
............###.#


You could see a hobgoblin.

Vanquished Creatures
  An orc wizard (D:3)
  3 adders
  A worm (D:2)
  6 orcs (D:3)
  5 endoplasms
  3 giant cockroaches
  8 goblins
  5 hobgoblins
  A quokka (D:1)
  4 ball pythons
  5 bats
  A frilled lizard (D:2)
  5 kobolds
  6 rats
54 creatures vanquished.

Notes
Turn   | Place    | Note
-------+----------+-------------------------------------------
     0 | D:1      | theswoord the Demonspawn Fighter began the quest for the
                  | Orb.
     0 | D:1      | Reached XP level 1. HP: 18/18 MP: 1/1
    25 | D:1      | Reached skill level 2 in Long Blades
   157 | D:1      | Gained mutation: Your demonic aura sometimes causes spilled
                  | blood to erupt in flames. [demonic ancestry]
   157 | D:1      | Reached XP level 2. HP: 10/24 MP: 2/2
   599 | D:1      | Reached skill level 3 in Long Blades
   894 | D:2      | Gained mutation: You have a pair of small antennae on your
                  | head. [demonic ancestry]
   894 | D:2      | Reached XP level 3. HP: 29/29 MP: 3/3
  1469 | D:3      | Reached XP level 4. HP: 35/35 MP: 4/4
  1496 | D:3      | Reached skill level 4 in Long Blades
  1706 | D:3      | HP: 1/35 [hobgoblin (1)]
  1711 | D:3      | HP: 1/35 [poisoned by an orc]
  1712 | D:3      | Succumbed to an orc's poison

Skill      XL: |  1  2  3  4 |
---------------+-------------+-----
Long Blades    | 2 3 4 |  4.5
Fighting       | |  3.0
Armour         | |  2.6
Shields        | |  2.6

Action                     |  1- 3 |  4- 6 || total
---------------------------+-------+-------++-------
  Melee: Long sword        |   142 |    48 ||   190
         Punch             |       |     1 ||     1
    Use: Scroll            |     6 |       ||     6
         Potion            |       |     5 ||     5
 Armour: Scale mail        |    74 |    33 ||   107
  Dodge: Dodged            |    73 |    29 ||   102

Levels and vault maps discovered:
D:1:      minmay_arrival_five_plusses, layout_loops_ring
D:2:      layout_basic, basic_altar
D:3:      layout_basic, basic_ecumenical_altar, portal_sewer_entry_c,
          serial_shops, nicolae_shop_crystal
